 Dungeon Crawl Stone Soup version 0.18-b1-2-gd0c887e (webtiles) character file.

85 SkaryMonk the Sneak (level 4, 0/43 HPs)
             Began as an Octopode Assassin on Apr 28, 2016.
             Slain by an adder (1 damage)
             ... on level 2 of the Dungeon.
             The game lasted 00:03:56 (1686 turns).

SkaryMonk the Sneak (Octopode Assassin)             Turns: 1686, Time: 00:03:56

Health: 0/43       AC: 22    Str: 10    XL:     4   Next: 48%
Magic:  4/4        EV:  2    Int: 13    God:
Gold:   82         SH:  0    Dex: 19    Spells: 0 memorised, 3 levels left

rFire  . . .     SeeInvis .     a - +2 dagger
rCold  . . .     Gourm    .     (no shield)
rNeg   + + +     Faith    .     (helmet currently unavailable)
rPois  +         Spirit   .     (no amulet)
rElec  .         Dismiss  .     (no ring)
rCorr  .         Reflect  .     (no ring)
SustAt .         Harm     .     (no ring)
MR     .....     NoTele   +     (no ring)
Stlth  ++++++....               (no ring)
                                (no ring)
                                (no ring)
                                (no ring)

@: agile, lethally poisoned (0 -> -3), tree-form, not resistant to hostile
enchantments, very stealthy
A: almost no armour, (amphibious), 8 rings, (constrict 8), (tentacle spike 0),
(camouflage 0), (gelatinous body 0)
a: no special abilities


You were on level 2 of the Dungeon.
You were not hungry.
You were a tree.
You visited 1 branch of the dungeon, and saw 2 of its levels.

You collected 82 gold pieces.

Notes
Turn   | Place    | Note
--------------------------------------------------------------
     0 | D:1      | SkaryMonk the Octopode Assassin began the quest for the Orb.
     0 | D:1      | Reached XP level 1. HP: 14/14 MP: 1/1
   122 | D:1      | Reached XP level 2. HP: 11/19 MP: 2/2
   632 | D:1      | Reached XP level 3. HP: 19/24 MP: 3/3
  1578 | D:2      | Reached XP level 4. HP: 29/29 MP: 4/4
  1682 | D:2      | Gained mutation: One of your tentacles bears a spike. [potion of beneficial mutation]
  1683 | D:2      | HP: 2/43 [adder (3)]
  1686 | D:2      | Slain by an adder

Inventory:

Hand Weapons
 a - a +2 dagger (weapon)
 b - a +0 blowgun
Missiles
 c - 8 poisoned needles
 d - 2 curare-tipped needles
Jewellery
 j - an uncursed ring of sustain attributes {unknown}
Comestibles
 f - a bread ration
 h - a slice of pizza
 k - a chunk of flesh
 l - a beef jerky

Table legend:
 A = Turns spent in this place as a percentage of turns spent in the entire game.
 B = Non-inter-level travel turns spent in this place as a percentage of non-inter-level travel turns spent in the entire game.
 C = Inter-level travel turns spent in this place as a percentage of turns spent in this place.
 D = Turns resting spent in this place as a percentage of non-inter-level travel turns spent in this place.
 E = Turns spent auto-exploring this place as a percentage of non-inter-level travel turns spent in this place.
 F = Non-inter-level travel turns spent in this place divided by the number of levels of this place that you've seen.
                   A       B       C       D       E      F
               +-------+-------+-------+-------+-------+----------------------
         Total | 100.0 | 100.0 |   0.6 |   4.1 |  11.1 | 158.0
       Dungeon | 100.0 | 100.0 |   0.6 |   4.1 |  11.1 | 158.0
               +-------+-------+-------+-------+-------+----------------------


   Skills:
 - Level 2.1 Fighting
 + Level 4.4 Short Blades
 - Level 2.0 Throwing
 - Level 1.1 Dodging
 - Level 5.3 Stealth


You had 3 spell levels left.
You didn't know any spells.

Dungeon Overview and Level Annotations

Branches:
Dungeon (2/15)

Altars:


Innate Abilities, Weirdness & Mutations

You cannot wear most types of armour.
((You are amphibious.))
You can wear up to eight rings at the same time.
((You can use your tentacles to constrict eight enemies at once.))
((Your skin changes colour to match your surroundings (Stealth).))
((Your rubbery body absorbs attacks (AC +1).))
((One of your tentacles bears a spike.))


Message History

Unknown command.
Drink which item? (? for menu, Esc to quit)
It was a potion of beneficial mutation.
One of your lower tentacles grows a sharp spike.
You feel fantastic! The adder bites you but does no damage.
You hit the adder.
The adder is heavily wounded.
You feel sick. The adder bites you.
* * * LOW HITPOINT WARNING * * *
You closely miss the adder.
The adder is heavily wounded.
The adder bites you.
* * * LOW HITPOINT WARNING * * *
You closely miss the adder.
The adder is heavily wounded.
The adder bites you but does no damage.
You barely miss the adder.
The adder is heavily wounded.
The adder bites you.
You die...

### ..# # #.#
#.#.#
##.##.#.####.#
.......SS♣..#
###..###.####.#
.(..###.###
#..#...).###.#
###..........>..
............[... .
###..#.†...###.#
..####..#.....## #
..........†.......


You could see 2 adders.

Table legend:
 A = Kills in this place as a percentage of kills in entire the game.
 B = Kills by you in this place as a percentage of kills by you in the entire game.
 C = Kills by friends in this place as a percentage of kills by friends in the entire game.
 D = Other kills in this place as a percentage of other kills in the entire game.
 E = Experience gained in this place as a percentage of experience gained in the entire game.
 F = Experience gained in this place divided by the number of levels of this place that you have seen.
                   A       B       C       D       E      F
               +-------+-------+-------+-------+-------+----------------------
         Total | 100.0 | 100.0 |  -nan |  -nan | 100.0 |  61.0
       Dungeon | 100.0 | 100.0 |  -nan |  -nan | 100.0 |  61.0
               +-------+-------+-------+-------+-------+----------------------

Vanquished Creatures
  3 adders (D:2)
  A gnoll (D:1)
  An ooze (D:1)
  2 dart slugs
  2 giant geckos (D:2)
  6 bats
  A giant cockroach (D:1)
  6 goblins
  8 hobgoblins
  2 kobolds (D:1)
  A ball python (D:1)
  A giant newt (D:1)
  3 rats
37 creatures vanquished.

Action                   |  1- 3 |  4- 6 || total
-------------------------+-------+-------++-------
Melee: Dagger            |    52 |    23 ||    75
       Constrict         |     9 |     3 ||    12
       Tentacles         |     7 |     2 ||     9
 Fire: Blowgun           |     2 |       ||     2
  Use: Potion            |       |     4 ||     4
 Stab: Sleeping          |     9 |     4 ||    13
  Eat: Chunk             |     2 |       ||     2
Armor: Skin              |     1 |     5 ||     6
Dodge: Dodged            |    21 |    15 ||    36

Vault maps used:
D:1:      dpeg_arrival_fog
D:2:      first_bread, small_statue_intersection, minmay_cupped
